 Dungeon Crawl Stone Soup version 0.28.0-45-g0d030f2227 (webtiles) character file.

Game seed: 846516234770469058

405 DearestLeader the Shield-Bearer (level 6, -11/52 (53) HPs)
             Began as a Gnoll Fighter on Mar 31, 2022.
             Killed by divine providence
             ... invoked by an orc priest
              (13 damage)
             ... on level 3 of the Dungeon.
             The game lasted 00:04:22 (2168 turns).

DearestLeader the Shield-Bearer (Gnoll Fighter)     Turns: 2168, Time: 00:04:23

HP:   -11/52 (53)   AC:  7    Str: 17    XL:     6   Next: 87%
MP:   9/9           EV: 10    Int:  7    God:
Gold: 96            SH:  5    Dex: 12    Spells: 9/9 levels left

rFire   . . .      SeeInvis .   h - +2 whip (venom)
rCold   . . .      Faith    .   c - +0 buckler
rNeg    + . .      Spirit   .   b - +0 scale mail
rPois   .          Reflect  .   (no helmet)
rElec   .          Harm     .   (no cloak)
rCorr   .          Rampage  .   (no gloves)
Will    .....                   (no boots)
Stlth   +.........              (no amulet)
HPRegen 0.17/turn               e - ring of positive energy
MPRegen 0.11/turn               (no ring)

@: weak-willed, lightly drained
A: fangs 1, strong nose, distributed training
a: no special abilities


You were on level 3 of the Dungeon.
You visited 1 branch of the dungeon, and saw 4 of its levels.

You collected 96 gold pieces.

Inventory:

Hand Weapons
 a - a +0 war axe
 h - a +2 whip of venom (weapon)
Armour
 b - a +0 scale mail (worn)
 c - a +0 buckler (worn)
 g - a +0 plate armour
Jewellery
 e - a ring of positive energy (left hand)
Wands
 l - a wand of mindburst (16)
Scrolls
 d - a scroll of noise
 k - a scroll of enchant armour {unknown}


   Skills:
 + Level 6.9 Fighting
 + Level 2.1 Short Blades
 + Level 2.1 Long Blades
 + Level 5.0 Axes
 + Level 2.1 Maces & Flails
 + Level 2.1 Polearms
 + Level 2.1 Staves
 + Level 2.1 Slings
 + Level 2.1 Bows
 + Level 2.1 Crossbows
 + Level 2.1 Throwing
 + Level 6.9 Armour
 + Level 2.1 Dodging
 + Level 2.1 Stealth
 + Level 6.9 Shields
 + Level 2.1 Unarmed Combat
 + Level 2.1 Spellcasting
 + Level 1.7 Conjurations
 + Level 1.7 Hexes
 + Level 1.7 Summonings
 + Level 1.7 Necromancy
 + Level 1.7 Translocations
 + Level 1.7 Transmutations
 + Level 1.7 Fire Magic
 + Level 1.7 Ice Magic
 + Level 1.7 Air Magic
 + Level 1.7 Earth Magic
 + Level 1.7 Poison Magic
 + Level 2.3 Invocations
 + Level 2.1 Evocations


You had 9 spell levels left.
You didn't know any spells.
Your spell library contained the following spells:

 Spells                   Type           Power      Damage    Failure   Level
 Freeze                   Ice            12%        1d4       56%         1
 Magic Dart               Conj           12%        1d3       56%         1
 Searing Ray              Conj           6%         2d4       71%         2
 Frozen Ramparts          Ice            6%         1d2       91%         3
 Fulminant Prism          Conj/Hex       1%         3d6       100%        4
 Hailstorm                Conj/Ice       3%         3d3       100%        4


Dungeon Overview and Level Annotations

Branches:
Dungeon (4/15)
 Temple: D:4-7

Altars:

Shops:
D:1 !!==   D:2 (


Innate Abilities, Weirdness & Mutations

You have very sharp teeth.
Your uncanny sense of smell can sniff out nearby items.
Your experience applies equally to all skills.


Message History

The ogre's mind is blasted!!
You blow up the ogre!
A puff of flame appears from out of thin air!
The puff of flame hits you!
* * * LOW HITPOINT WARNING * * *
You see here a dart slug corpse.
You are confused.
Something tries to affect you, but you resist.
You hear a shout!
You aren't carrying any potions.
You bump into the rock wall.
You feel less confused.
There is a stone staircase leading up here.
You climb upwards.
Reactivating autopickup.
The orc hits you with a +0 club.
* * * LOW HITPOINT WARNING * * *
You block the necrophage's attack. The orc hits you but does no damage.
There is a stone staircase leading down here.
As you read the scroll labelled LAJORUYQEWN, it crumbles to dust.
You hear a loud clanging noise!
It was a scroll of noise.
The necrophage hits you but does no damage.
You block the orc's attack. x2
As you read the scroll labelled GYMIES YFOIRR, it crumbles to dust.
Magic quickly surges around you.
It was a scroll of vulnerability.
The orc priest mumbles some strange prayers to Beogh against you.
You are unaffected.
The necrophage hits you.
* * * LOW HITPOINT WARNING * * *
You partially resist.
You feel drained. The orc hits you but does no damage.
You block the orc's attack.
This is a scroll of acquirement!
Something appears at your feet! The necrophage barely misses you.
The orc barely misses you. x2
As you read the scroll labelled LELIS ORIETIF, it crumbles to dust.
It is a scroll of enchant weapon.
Your +1 whip of venom glows red for a moment.
The orc priest calls down the wrath of Beogh upon you.
Beogh smites you!
You die...

#..#.##.# #.#.#
...#.##.# #.#.#
#..#.##.#######.#.#
#..#.##.#.......#.####
#.....#.#.####..#....#
#######.#.).....####.#
##......#..##...####.#
##.####.#..#...o#..#.#
..............o.@n.#.#
.#.#รท##.#..#....#o.#.#
.#.#....#..#<...#..#.#
.#.#.####..#....#..#.#
...........#..#.#..#.#
#.##.#####.#....#..#.#
...........#....#..#.#
##.#.#######..#.#..#.#
##.#.##########.#..#.#


You could see a necrophage (weak-willed), an orc priest (weak-willed) and 2
orcs.

Vanquished Creatures
  Sigmund (D:2)
  An ogre (D:4)
  A scorpion (D:4)
  A howler monkey (D:4)
  An orc wizard (D:3)
  An adder (D:3)
  2 dart slugs
  An orc (D:3)
  2 endoplasms
  4 giant cockroaches
  3 hobgoblins (D:1)
  2 kobolds
  A quokka (D:3)
  2 ball pythons
  7 bats
  6 frilled lizards
  4 rats
40 creatures vanquished.

Notes
Turn   | Place    | Note
-------+----------+-------------------------------------------
     0 | D:1      | DearestLeader the Gnoll Fighter began the quest for the
                  | Orb.
     0 | D:1      | Reached XP level 1. HP: 23/23 MP: 1/1
    62 | D:1      | Found Doebovan's Jewellery Emporium.
    63 | D:1      | Found Keog's Assorted Antiques.
   105 | D:1      | Reached XP level 2. HP: 29/29 MP: 2/2
   116 | D:1      | Found a faded altar of an unknown god.
   169 | D:1      | Found Deixuk's Distillery.
   171 | D:1      | Found Xicoed's Distillery.
   186 | D:1      | Found Punkaiga's Jewellery Shop.
   940 | D:2      | Found Femom's Weapon Boutique.
  1044 | D:2      | Noticed Sigmund
  1056 | D:2      | Killed Sigmund
  1057 | D:2      | Reached skill level 1 in Short Blades
  1057 | D:2      | Reached skill level 1 in Long Blades
  1057 | D:2      | Reached skill level 1 in Maces & Flails
  1057 | D:2      | Reached skill level 1 in Polearms
  1057 | D:2      | Reached skill level 1 in Staves
  1057 | D:2      | Reached skill level 1 in Slings
  1057 | D:2      | Reached skill level 1 in Bows
  1057 | D:2      | Reached skill level 1 in Crossbows
  1057 | D:2      | Reached skill level 1 in Throwing
  1057 | D:2      | Reached skill level 1 in Dodging
  1057 | D:2      | Reached skill level 1 in Stealth
  1057 | D:2      | Reached skill level 1 in Unarmed Combat
  1057 | D:2      | Reached skill level 1 in Spellcasting
  1057 | D:2      | Reached skill level 1 in Conjurations
  1057 | D:2      | Reached skill level 1 in Hexes
  1057 | D:2      | Reached skill level 1 in Summonings
  1057 | D:2      | Reached skill level 1 in Necromancy
  1057 | D:2      | Reached skill level 1 in Translocations
  1057 | D:2      | Reached skill level 1 in Transmutations
  1057 | D:2      | Reached skill level 1 in Fire Magic
  1057 | D:2      | Reached skill level 1 in Ice Magic
  1057 | D:2      | Reached skill level 1 in Air Magic
  1057 | D:2      | Reached skill level 1 in Earth Magic
  1057 | D:2      | Reached skill level 1 in Poison Magic
  1057 | D:2      | Reached skill level 1 in Invocations
  1057 | D:2      | Reached skill level 1 in Evocations
  1057 | D:2      | Reached XP level 3. HP: 28/35 MP: 2/5
  1057 | D:2      | Reached XP level 4. HP: 33/41 MP: 2/6
  1057 | D:2      | Reached XP level 5. HP: 37/47 MP: 2/7
  1914 | D:3      | Noticed a necrophage
  1945 | D:3      | Reached XP level 6. HP: 48/53 MP: 8/8
  2129 | D:4      | Reached skill level 5 in Axes
  2148 | D:4      | HP: 2/53 [something/puff of flame (11)]
  2166 | D:3      | HP: 1/53 [necrophage (2)]
  2167 | D:3      | Identified a scroll of acquirement
  2167 | D:3      | Acquired 475 gold pieces
  2168 | D:3      | Killed from afar by an orc priest

Illustrated notes

Levels and vault maps discovered:
D:1:      kennysheep_arrival_seaside, layout_basic, serial_shops, shop, shop,
          nicolae_shop_statue_plus, shop_statue, nicolae_square_shop,
          shapermc_ecumenical_altar_acropolis, chequers_serial_rivers_micro_a,
          minmay_misc_feat_square
D:2:      layout_basic, serial_shops, shop, uniq_sigmund
D:3:      layout_basic
D:4:      layout_basic

Skill      XL: |  1  2  3  4  5  6 |
---------------+-------------------+-----
Short Blades   | 1 2 |  2.1
Long Blades    | 1 2 |  2.1
Maces & Flails | 1 2 |  2.1
Polearms       | 1 2 |  2.1
Staves         | 1 2 |  2.1
Slings         | 1 2 |  2.1
Bows           | 1 2 |  2.1
Crossbows      | 1 2 |  2.1
Throwing       | 1 2 |  2.1
Dodging        | 1 2 |  2.1
Stealth        | 1 2 |  2.1
Unarmed Combat | 1 2 |  2.1
Spellcasting   | 1 2 |  2.1
Conjurations   | 1 |  1.7
Hexes          | 1 |  1.7
Summonings     | 1 |  1.7
Necromancy     | 1 |  1.7
Translocations | 1 |  1.7
Transmutations | 1 |  1.7
Fire Magic     | 1 |  1.7
Ice Magic      | 1 |  1.7
Air Magic      | 1 |  1.7
Earth Magic    | 1 |  1.7
Poison Magic   | 1 |  1.7
Invocations    | 1 2 |  2.3
Evocations     | 1 2 |  2.1
Axes           | 5 |  5.0
Fighting       | |  6.9
Armour         | |  6.9
Shields        | |  6.9

Action                   |  1- 3 |  4- 6 || total
-------------------------+-------+-------++-------
Melee: War axe           |    71 |     6 ||    77
       Bite              |     3 |     9 ||    12
       Whip              |       |    36 ||    36
Evoke: Wand              |       |     1 ||     1
  Use: Potion            |     2 |       ||     2
       Scroll            |       |     4 ||     4
Armor: Scale mail        |    30 |    18 ||    48
Dodge: Dodged            |    32 |    18 ||    50
Block: Buckler           |    21 |    13 ||    34
